 Dungeon Crawl Stone Soup version 0.32-a0-673-g3729bd50f8 (webtiles) character file.

Game seed: 7044796133737718459

11729 porpoise the Spear-Bearer (level 11, -1/84 HPs)
             Began as a Demonspawn Gladiator on Mar 10, 2024.
             Was a Priest of Fedhas.
             Shot with a bolt by a yaktaur (3 damage)
             ... in a volcano on Mar 11, 2024.
             The game lasted 00:34:03 (13014 turns).

porpoise the Spear-Bearer (Demonspawn Gladiator)   Turns: 13014, Time: 00:34:05

Health: -1/84      AC: 26    Str: 20    XL:     11   Next: 53%
Magic:  18/18      EV: 18    Int:  8    God:    Fedhas [***...]
Gold:   595        SH:  4    Dex: 14    Spells: 10/10 levels left

rFire   + . .        a - +4 trident (flame)
rCold   . . .        n - +0 buckler
rNeg    . . .        L - +1 leather armour {rPois}
rPois   +            c - +1 helmet
rElec   .            N - +1 cloak
rCorr   .            U - +2 pair of gloves
SInv    .            D - +0 pair of boots
Will    .....        (no amulet)
Stlth   +++          l - +4 ring of protection
HPRegen 0.34/turn    A - ring of protection from fire
MPRegen 0.16/turn

%: no passive effects
@: mighty, agile, sanguine armoured
A: powered by pain 2, sanguine armour 2, condensation shield, demonic touch 1
a: Renounce Religion, Wall of Briars, Grow Ballistomycete


You were in a volcano.
You worshipped Fedhas.
Fedhas was most pleased with you.
You visited 2 branches of the dungeon, and saw 12 of its levels.
You also visited: Volcano.

You collected 595 gold pieces.

Inventory:

Hand Weapons
 a - a +4 trident of flaming (weapon)
 b - a +0 sling
Missiles
 v - 11 datura-tipped darts (quivered)
 W - 9 darts of dispersal
Armour
 c - a +1 helmet (worn)
 n - a +0 buckler (worn)
 D - a +0 pair of boots (worn)
 L - a +1 leather armour of poison resistance (worn)
 N - a +1 cloak (worn)
 U - a +2 pair of gloves (worn)
Jewellery
 l - a +4 ring of protection (left hand)
 A - a ring of protection from fire (right hand)
 Q - a ring of ice
Wands
 i - a wand of iceblast (6)
 S - a wand of digging (4)
 T - a wand of mindburst (20)
 Z - a wand of paralysis (7)
Scrolls
 f - 5 scrolls of teleportation
 u - 6 scrolls of fear
Potions
 g - 2 potions of heal wounds
 h - 2 potions of berserk rage
 k - 3 potions of haste
 m - a potion of ambrosia
 o - 5 potions of curing
 t - 2 potions of cancellation
 x - 2 potions of lignification
 z - 2 potions of attraction
 E - 2 potions of might
 G - a potion of invisibility {unknown}
 J - a potion of resistance {unknown}


   Skills:
 - Level 7.0 Fighting
 * Level 12.4 Polearms
 - Level 1.7 Throwing
 + Level 3.6 Armour
 - Level 5.0 Dodging
 - Level 5.0 Stealth
 + Level 10.0 Invocations


You had 10 spell levels left.
You didn't know any spells.
Your spell library contained the following spells:

 Spells                   Type           Power      Damage    Failure   Level
 Kiss of Death            Conj/Necr      0%         2d5       54%         1
 Magic Dart               Conj           0%         1d3       54%         1
 Ensorcelled Hibernation  Hex/Ice        0%         N/A       69%         2
 Lesser Beckoning         Tloc           0%         N/A       69%         2
 Searing Ray              Conj           0%         2d4       69%         2
 Confusing Touch          Hex            0%         N/A       89%         3
 Fugue of the Fallen      Necr           0%         N/A       89%         3
 Gell's Gravitas          Tloc           0%         N/A       89%         3
 Teleport Other           Tloc           0%         N/A       89%         3
 Tukima's Dance           Hex            0%         N/A       89%         3
 Anguish                  Hex/Necr       0%         N/A       100%        4
 Dispel Undead            Necr           0%         3d6       100%        4
 Fulminant Prism          Conj/Alch      0%         3d5       100%        4
 Passage of Golubria      Tloc           0%         N/A       100%        4
 Silence                  Hex/Air        0%         N/A       100%        5
 Yara's Violent Unravell  Hex/Alch       0%         3d3       100%        5
 Lehudib's Crystal Spear  Conj/Erth      0%         10d2      100%        8


Dungeon Overview and Level Annotations

Branches:
Dungeon (10/15)            Temple (0/1) D:7            Lair (2/5) D:10
  Snake (0/4) Lair:2      Volcano (1/1)
  Swamp: Lair:2-3    Shoals: Lair:2-3       Orc: D:9-12

Altars:
Ashenzari
Fedhas
Gozag
Hepliaklqana
Kikubaaqudgha
Makhleb
Qazlal
Ru
Sif Muna
Uskayaw
Xom
Yredelemnul

Annotations:
D:10 2 transporters


Innate Abilities, Weirdness & Mutations

You sometimes gain power by taking damage.
When seriously injured, your blood forms thick armour. (AC +9)
A meltable shield of frost defends you. (SH +0)
Your touch may inflict minor irresistible damage on your foes.


Message History

You kill the centaur!
Fedhas appreciates your contribution to the ecosystem.
A ballistomycete spore comes into view.
Your +4 trident of flaming bursts into flame!
a - a +4 trident of flaming (weapon)
You are too injured to fight recklessly!
You puncture the centaur! You burn the centaur.
The centaur is almost dead.
The centaur unwields a +2 shortbow of flaming.
It stops flaming.
The centaur closely misses you. x2
A ballistomycete spore comes into view.
You completely miss the centaur.
The centaur is almost dead.
The centaur closely misses you. x2
A ballistomycete spore comes into view.
You hit the centaur. You burn the centaur.
You kill the centaur!
Fedhas appreciates your contribution to the ecosystem.
The air gets thick with the scent of sulphur.
Your ballistomycete spore explodes!
Fedhas protects your plant from harm. x2
In the distance, the volcano erupts with a roar.
Your ballistomycete spore explodes!
Fedhas protects your plant from harm.
Your ballistomycete spore explodes!
You hear a shout!
You start resting.
A yaktaur comes into view.
It is wielding a +0 arbalest of flaming.
The yaktaur shoots a bolt.
You block the bolt.
The yaktaur shoots a bolt.
The bolt hits you but does no damage.
The yaktaur shoots a bolt.
The bolt hits you!
You focus on the pain.
You feel very mighty all of a sudden. The bolt burns you.
The yaktaur shoots a bolt.
The bolt hits you!!
* * * LOW HITPOINT WARNING * * *
You focus on the pain.
You feel agile all of a sudden. The bolt burns you.
You die...
Fedhas appreciates your contribution to the ecosystem.

§ #ß.).ß# #≈≈≈
≈≈###..)..###§§≈§
≈≈≈§§.....≈≈≈≈≈#
≈§§§§ß.#.ß≈≈≈≈##
≈≈≈§≈.....≈≈###
##≈≈§...c.≈≈#
#≈§§ß..)ß≈##
####..)..##
#...@.# #ß...ß#
#.....# #.....#
#ß...ß# #.....#
#.....# #ß...ß#
#.....#


You could see a yaktaur.

Vanquished Creatures
  2 elephants (D:10)
  A torpor snail (Lair:1)
  4 black mambas
  2 unseen horrors (D:10)
  A rime drake (Lair:2)
  2 komodo dragons (Lair:1)
  2 trolls
  A hornet (D:8)
  4 dream sheep (Lair:1)
  5 yaks (D:10)
  A wyvern (D:10)
  3 steam dragons
  2 vampire mosquitoes (D:10)
  2 acid dragons
  6 water moccasins
  Duvessa (D:7)
  2 orc warriors
  An ice beast (D:8)
  2 black bears
  3 ogres
  7 centaurs
  A phantom (D:5)
  2 kobold brigands
  6 bullfrogs
  A gnoll sergeant (D:9)
  4 scorpions
  14 wights
  6 killer bees (D:9)
  7 howler monkeys
  5 orc priests
  A jelly (D:8)
  2 gnoll boudas
  Crazy Yiuf (D:7)
  Jessica (D:2)
  2 iguanas
  2 sleepcaps
  6 orc wizards
  Robin (D:2)
  16 gnolls
  5 adders
  2 shadow imps (D:6)
  4 ufetubi (D:7)
  2 dart slugs (D:2)
  19 orcs
  6 ball pythons
  6 endoplasms
  2 giant cockroaches
  13 goblins
  8 hobgoblins
  7 jackals
  2 quokkas
  4 bats (D:1)
  16 kobolds
  4 rats
232 creatures vanquished.

Vanquished Creatures (collateral kills)
  Dowan (D:7)
  3 orcs (D:3)
  A frilled lizard (D:3)
  2 ballistomycete spores (Volcano)
7 creatures vanquished.

Vanquished Creatures (others)
  2 ballistomycete spores (Volcano)
2 creatures vanquished.

Grand Total: 241 creatures vanquished

Notes
Turn   | Place    | Note
-------+----------+-------------------------------------------
     0 | D:1      | porpoise the Demonspawn Gladiator began the quest for the
                  | Orb.
     0 | D:1      | Reached XP level 1. HP: 16/16 MP: 1/1
   199 | D:1      | Reached skill level 3 in Polearms
   201 | D:1      | Gained mutation: When seriously injured, your blood forms
                  | armour. (AC +9) [demonic ancestry]
   201 | D:1      | Reached XP level 2. HP: 16/22 MP: 2/2
   310 | D:1      | Reached skill level 1 in Stealth
   704 | D:2      | Gained mutation: A meltable shield of frost defends you.
                  | (SH +0) [demonic ancestry]
   704 | D:2      | Reached XP level 3. HP: 27/28 MP: 3/3
   821 | D:2      | Noticed Robin
   840 | D:2      | Killed Robin
  1053 | D:2      | Gained mutation: When seriously injured, your blood forms
                  | thick armour. (AC +9) [demonic ancestry]
  1053 | D:2      | Reached XP level 4. HP: 33/34 MP: 4/4
  1224 | D:2      | Noticed Jessica
  1225 | D:2      | Killed Jessica
  1559 | D:3      | Reached skill level 4 in Polearms
  1632 | D:3      | Reached XP level 5. HP: 33/41 MP: 5/5
  1803 | D:3      | Found a basalt altar of Yredelemnul.
  1910 | D:3      | Found an opulent altar of Gozag.
  1925 | D:3      | Found a shimmering blue altar of Sif Muna.
  2353 | D:4      | Gained mutation: Your touch may inflict minor irresistible
                  | damage on your foes. [demonic ancestry]
  2353 | D:4      | Reached XP level 6. HP: 47/47 MP: 6/6
  2576 | D:4      | Reached skill level 5 in Polearms
  2899 | D:5      | Entered Level 5 of the Dungeon
  2981 | D:5      | Found a hazy altar of Hepliaklqana.
  3072 | D:5      | Noticed a water moccasin
  3090 | D:5      | Killed a water moccasin
  3091 | D:5      | Reached XP level 7. HP: 21/54 MP: 7/7
  3411 | D:5      | Reached skill level 6 in Polearms
  4345 | D:7      | Gained mutation: You sometimes gain a little power by
                  | taking damage. [demonic ancestry]
  4345 | D:7      | Reached XP level 8. HP: 61/61 MP: 8/8
  4352 | D:6      | Reached skill level 5 in Fighting
  4782 | D:7      | Found a sacrificial altar of Ru.
  4798 | D:7      | Reached skill level 7 in Polearms
  5058 | D:7      | Noticed Duvessa
  5059 | D:7      | Noticed Dowan
  5068 | D:7      | Killed Dowan
  5076 | D:7      | Killed Duvessa
  5077 | D:7      | Reached skill level 5 in Stealth
  5159 | D:7      | Found a blossoming altar of Fedhas.
  5266 | D:7      | Became a worshipper of Fedhas Madash
  5498 | D:7      | Found a staircase to the Ecumenical Temple.
  5587 | D:7      | Reached skill level 1 in Invocations
  5777 | D:7      | Found a runed translucent door.
  5778 | D:7      | Noticed Crazy Yiuf
  5787 | D:7      | Killed Crazy Yiuf
  6108 | D:8      | Reached skill level 8 in Polearms
  6145 | D:8      | Reached XP level 9. HP: 65/69 MP: 9/11
  6261 | D:8      | Found a hide-covered altar of Uskayaw.
  6846 | D:8      | Reached skill level 9 in Polearms
  7196 | D:8      | Found an ancient bone altar of Kikubaaqudgha.
  7422 | D:8      | Found a broken altar of Ashenzari.
  7460 | D:8      | Found a shimmering altar of Xom.
  7699 | D:9      | Noticed a troll
  7719 | D:9      | Killed a troll
  7720 | D:9      | Reached skill level 5 in Invocations
  7861 | D:9      | Identified the +1 dagger of Ruination {freeze, rElec Int-2
                  | Stlth+}
  7999 | D:9      | Reached * piety under Fedhas
  8344 | D:9      | Reached XP level 10. HP: 79/79 MP: 14/14
  8418 | D:9      | Found a burning altar of Makhleb.
  8592 | D:9      | Reached skill level 10 in Polearms
  8798 | D:9      | Reached ** piety under Fedhas
  9106 | D:10     | Entered Level 10 of the Dungeon
  9106 | D:10     | Found a transporter.
  9108 | D:10     | Found a transporter.
  9120 | D:10     | Found a transporter.
  9120 | D:10     | Found a transporter.
  9126 | D:10     | Found a transporter.
  9126 | D:10     | Found a transporter.
  9682 | D:10     | Noticed an elephant
  9691 | D:10     | Killed an elephant
  9795 | D:10     | Noticed an elephant
  9808 | D:10     | Killed an elephant
 10239 | D:10     | Reached skill level 11 in Polearms
 10408 | D:10     | Reached skill level 5 in Dodging
 10790 | D:10     | Found a staircase to the Lair.
 10797 | D:10     | Reached skill level 1 in Armour
 10981 | D:10     | Found a stormy altar of Qazlal.
 11218 | Lair:1   | Entered Level 1 of the Lair of Beasts
 11252 | Lair:1   | Gained mutation: You sometimes gain power by taking damage.
                  | [demonic ancestry]
 11252 | Lair:1   | Reached XP level 11. HP: 83/84 MP: 17/17
 11580 | Lair:1   | Reached *** piety under Fedhas
 11921 | Lair:1   | Reached skill level 12 in Polearms
 12938 | Lair:2   | Found a dark tunnel.
 12946 | Volcano  | Entered a volcano
 12978 | Volcano  | Reached skill level 10 in Invocations
 12983 | Volcano  | Noticed a centaur warrior
 13014 | Volcano  | HP: 2/84 [yaktaur/bolt (25)]
 13014 | Volcano  | Shot with a bolt by a yaktaur

Illustrated notes

Levels and vault maps discovered:
D:1:      minmay_arrival_arboretum_small, layout_basic,
          chequers_serial_rivers_small_a
D:2:      layout_basic, uniq_jessica, uniq_robin
D:3:      layout_loops_ring, mainiacjoe_overflow_large_starburst,
          yredelemnul_altar_generic
D:4:      cheibrodos_helix_gallery, layout_rooms, kennysheep_generic_room_14
D:5:      layout_basic, nicolae_hepliaklqana_hazy_memory
D:6:      layout_basic, serial_curves, eino_curves_03, eino_curves_04,
          serial_library_hellmonk_small_corner
D:7:      layout_cave_pods, nicolae_ru_great_annihilating_truth,
          lemuel_tele_altar, temple_doors_e, serial_glass, glass_columns_a,
          glass_columns_c, glass_columns_c, glass_columns_a, minivault_10,
          uniq_crazy_yiuf_cottage, uniq_duvessa
D:8:      layout_basic, kiku_gazebo_pond_becter, mainiacjoe_overflow_two_lobes,
          mainiacjoe_overflow_six_doors_small
D:9:      layout_irregular_city, dreamdust_divine_triumvirate,
          makhleb_altar_promises_db
D:10:     layout_irregular_city, mainiacjoe_overflow_alcove_1,
          grunt_lair_entry_orc_guard_hut, serial_nicolae_subway,
          nicolae_sub_station_stone, nicolae_sub_station_metal,
          nicolae_sub_station_crystal
Lair:1:   layout_roguey, infiniplex_staircase_pool_2, serial_bayou_shore_a
Lair:2:   layout_layer_cave, minmay_snake_entry_spellcaster,
          nicolae_volcano_entry_hallway, dreamdust_mushroom_princess,
          cheibrodos_lair_reptile_den, lemuel_fruit_tree
Volcano:  kennysheep_volcano_temple

Skill      XL: |  1  2  3  4  5  6  7  8  9 10 11 |
---------------+----------------------------------+-----
Polearms       | 3 4 5 6 8 9 11 12 | 12.4
Stealth        | 1 2 3 4 5 |  5.0
Fighting       | 3 4 6 7 |  7.0
Invocations    | 2 6 8 10 | 10.0
Dodging        | 3 5 |  5.0
Armour         | 1 3 |  3.6
Throwing       | |  1.7

Action                     |  1- 3 |  4- 6 |  7- 9 | 10-12 || total
---------------------------+-------+-------+-------+-------++-------
  Melee: Trident           |   132 |   128 |   321 |   380 ||   961
         Touch             |       |     7 |    49 |       ||    56
   Fire: Sling             |       |       |    25 |    22 ||    47
  Throw: Dart              |       |     2 |     3 |       ||     5
 Invoke: Grow Ballistomyce |       |       |       |     1 ||     1
  Evoke: Wand              |       |       |       |     2 ||     2
    Use: Scroll            |       |     7 |     9 |    10 ||    26
   Stab: Sleeping          |       |     7 |     6 |     9 ||    22
 Armour: Ring mail         |    63 |    48 |    63 |       ||   174
         Leather armour    |     5 |       |   147 |   269 ||   421
  Dodge: Dodged            |    81 |    32 |   151 |   140 ||   404
  Block: Other             |     8 |     5 |    25 |       ||    38
         Buckler           |     1 |    29 |    35 |   112 ||   177

Table legend: (Time is in decaauts)
 A = Elapsed time spent in this place.
 B = Non-inter-level travel time spent in this place.
 C = Inter-level travel time spent in this place.
 D = Time resting spent in this place.
 E = Time spent auto-exploring this place.
 F = Levels seen in this place.
 G = Mean time per level.
                   A        B        C        D        E       F      G
               +--------+--------+--------+--------+--------+-----+--------+
         Total |  12994 |  12593 |    401 |   3811 |   6320 |  13 |  999.5 |
       Dungeon |  11192 |  10833 |    359 |   3228 |   5671 |  10 | 1119.2 |
          Lair |   1734 |   1692 |     42 |    580 |    627 |   2 |  867.0 |
       Volcano |     66 |     66 |      0 |      3 |     22 |   1 |   66.0 |
               +--------+--------+--------+--------+--------+-----+--------+

Top non-repeatable levels by time:
    D:10: 1962 daAuts
     D:8: 1621 daAuts
  Lair:1: 1528 daAuts
     D:9: 1524 daAuts
     D:7: 1498 daAuts
     D:2: 870 daAuts
     D:6: 867 daAuts
     D:3: 817 daAuts
     D:5: 789 daAuts
     D:1: 703 daAuts
     D:4: 538 daAuts
  Lair:2: 206 daAuts
 Volcano: 66 daAuts
